AoeStats
← Kiminyua

Arena

506330057Analyzed
1v1 RM · 18d ago on Sep 13, 2026· 104m 36s· 2 players
Game mode
Random Map
Map size
Tiny (2 player)
Population
200
Speed
Normal
Resources
Standard
Victory
Conquest
Starting age
Dark Age
Ending age
Imperial Age
RankedLock teamsTeams togetherTeam positionsShared explorationLock speedFull tech treeHidden civsTurbo modeCheats
Victory
Defeat
🇷🇺 Britons · Russia
436
+9
🇨🇴 Japanese · Colombia
273
-9
Kiminyua
3:55 Loom
16:39 Feudal Age
18:44 Wheelbarrow
17:59 Double-Bit Axe
17:58 Horse Collar
18:17 Gold Mining
18:18 Stone Mining
26:11 Castle Age
25:51 Bloodlines
27:56 Scale Barding Armor
28:59 Light Cavalry
29:56 Bow Saw
29:51 Heavy Plow
30:33 Hand Cart
31:03 Gold Shaft Mining
31:10 Chain Barding Armor
33:58 Husbandry
37:36 Town Watch
46:48 Yasama
51:30 Imperial Age
50:31 Town Patrol
50:48 Padded Archer Armor
50:59 Forging
50:50 Scale Mail Armor
50:41 Fletching
53:34 Parthian Tactics
55:43 Heavy Cavalry Archer
62:57 Sanctity
64:55 Elite Samurai
65:56 Kataparuto
66:55 Illumination
73:48 Heavy Scorpion
79:30 Cavalier
93:56 Two-Man Saw
95:17 Capped Ram
UMMA KHAN
9:53 Loom
11:53 Feudal Age
13:21 Wheelbarrow
12:39 Double-Bit Axe
15:02 Town Watch
21:43 Castle Age
20:57 Horse Collar
22:39 Hand Cart
22:27 Heavy Plow
23:00 Bow Saw
29:41 Fervor
37:02 Imperial Age
34:42 Stone Mining
35:27 Gold Mining
35:40 Fletching
36:03 Masonry
36:18 Ballistics
36:19 Bodkin Arrow
37:24 Gold Shaft Mining
38:01 Yeomen
38:04 Warwolf
38:25 Conscription
38:44 Architecture
40:03 Hoardings
40:01 Fortified Wall
40:39 Bracer
41:55 Town Patrol
42:32 Murder Holes
42:29 Arrowslits
45:08 Chemistry
43:49 Treadmill Crane
44:12 Padded Archer Armor
45:20 Leather Archer Armor
51:20 Two-Man Saw
50:56 Ring Archer Armor
50:35 Siege Engineers
51:25 Forging
51:16 Scale Mail Armor
51:21 Scale Barding Armor
52:30 Elite Longbowman
53:33 Chain Mail Armor
53:54 Iron Casting
54:13 Iron Casting
55:34 Onager
60:01 Chain Barding Armor
60:41 Blast Furnace
60:13 Plate Mail Armor
63:25 Plate Barding Armor
85:20 Arson
85:24 Pikeman
86:07 Squires
86:10 Halberdier
Connection lost

Rejoining the realm…

Still unreachable

The connection could not be restored.

Session expired

The server has moved on; the page needs a fresh start.